 Dungeon Crawl Stone Soup version 0.25-a0-403-g49d089a364 (webtiles) character file.

Game seed: 5564083351346867208, levelgen mode: deterministic

239 Eugen the Vandal (level 6, -14/37 HPs)
             Began as a Tengu Hunter on Jan 9, 2020.
             Was a Follower of Elyvilon.
             Demolished by Pikel
             ... wielding a +1 whip of electrocution
              (17 damage)
             ... in the Ecumenical Temple.
             The game lasted 00:59:42 (4771 turns).

Eugen the Vandal (Tengu Hunter)                     Turns: 4771, Time: 00:59:43

Health: -14/37     AC: 11    Str: 12    XL:     6   Next: 7%
Magic:  7/7        EV:  3    Int: 11    God:    Elyvilon [*.....]
Gold:   138        SH:  0    Dex: 17    Spells: 5/5 levels left

rFire    + . .     SeeInvis .   l - +1 short sword (freeze)
rCold    . . .     Gourm    .   (no shield)
rNeg     . . .     Faith    .   b - +0 plate armour
rPois    .         Spirit   .   (helmet restricted)
rElec    .         Reflect  .   (no cloak)
rCorr    .         Harm     .   (no gloves)
MR       .....                  (boots unavailable)
Stlth    ..........             (no amulet)
HPRegen  0.12/turn              D - ring of protection from fire
MPRegen  0.10/turn              (no ring)

@: about to teleport
A: beak, talons 3, able to fly
a: Fly, Lesser Healing, Divine Protection, Renounce Religion


You were in the Ecumenical Temple.
You worshipped Elyvilon.
Elyvilon was aware of your devotion.
You were not hungry.

You visited 2 branches of the dungeon, and saw 5 of its levels.

You collected 153 gold pieces.
You donated 15 gold pieces to Zin.

Inventory:

Hand Weapons
 a - a +1 hunting sling
 e - a cursed -1 whip
 g - a +0 club
 h - a +0 whip
 i - a +0 whip
 l - a +1 short sword of freezing (weapon)
 p - a +0 club
 u - a +0 war axe
 v - a +0 quarterstaff
 z - a +0 falchion
 B - a +0 short sword
 F - a +0 hunting sling
Missiles
 d - 9 sling bullets
 k - a throwing net
 m - 4 boomerangs
 q - 5 silver javelins
 r - 3 poisoned darts (quivered)
 t - 52 arrows
 w - 8 bolts
 C - 61 stones
Armour
 b - a +0 plate armour (worn)
 c - a +0 leather armour
 o - a +0 ring mail
Jewellery
 D - a ring of protection from fire (left hand)
Wands
 n - a wand of enslavement (7)
Scrolls
 s - a scroll of identify {unknown}
 x - a scroll of enchant weapon {unknown}
 y - a scroll of teleportation
 A - a scroll of fear
 E - a scroll of remove curse
Potions
 j - a potion of haste
Comestibles
 f - 7 rations


   Skills:
 + Level 3.0 Fighting
 + Level 2.0 Short Blades
 + Level 5.5(5.6) Slings
 + Level 0.5(3.4) Throwing
 + Level 2.3 Armour
 + Level 2.4 Dodging
 + Level 1.2 Stealth


You had 5 spell levels left.
You didn't know any spells.
Your spell library contained the following spells:

 Spells                   Type           Power        Failure   Level  Hunger
 Magic Dart               Conj           #...         100%        1    ##.....
 Blink                    Tloc           N/A          100%        2    ###....
 Call Imp                 Summ           #.......     100%        2    ###....
 Slow                     Hex            #.......     100%        2    ###....
 Confusing Touch          Hex            #.......     100%        3    ####...
 Conjure Flame            Conj/Fire      #.......     100%        3    ####...
 Gell's Gravitas          Tloc           #.........   100%        3    ####...
 Mephitic Cloud           Conj/Pois/Air  #.......     100%        3    ####...
 Petrify                  Tmut/Erth      #.......     100%        4    #####..
 Metabolic Englaciation   Hex/Ice        #.........   100%        5    ######.
 Yara's Violent Unravell  Hex/Tmut       #.........   100%        5    ######.


Dungeon Overview and Level Annotations

Branches:
Dungeon (4/15)             Temple (1/1) D:4

Altars:
Ashenzari
Cheibriados
Dithmenos
Elyvilon
Fedhas
Gozag
Kikubaaqudgha
Makhleb
Qazlal
Ru
Sif Muna
Trog
Uskayaw
Vehumet
Wu Jian
Xom
Yredelemnul
Zin

Annotations:
Temple Pikel


Innate Abilities, Weirdness & Mutations

You have a beak for a mouth.
You have claws for feet.
You can fly continuously.


Message History

Throwing (i - inventory. (/) - cycle)
r - 6 poisoned darts (quivered)
Press: ? - help, Shift-Dir - straight line, f/p - Pikel
Aim: Pikel, wielding a +1 whip of electrocution, wearing a +2 robe and carrying a wand of random effects (17) (moderately wounded)
You throw a poisoned dart. The poisoned dart barely misses Pikel.
Pikel hits you but does no damage.
You are electrocuted!
* * * LOW HITPOINT WARNING * * *
Throwing (i - inventory. (/) - cycle)
r - 5 poisoned darts (quivered)
Press: ? - help, Shift-Dir - straight line, f/p - Pikel
Aim: Pikel, wielding a +1 whip of electrocution, wearing a +2 robe and carrying a wand of random effects (17) (moderately wounded)
You throw a poisoned dart. The poisoned dart barely misses Pikel.
Pikel hits you but does no damage.
Throwing (i - inventory. (/) - cycle)
r - 4 poisoned darts (quivered)
Press: ? - help, Shift-Dir - straight line, f/p - Pikel
Aim: Pikel, wielding a +1 whip of electrocution, wearing a +2 robe and carrying a wand of random effects (17) (moderately wounded)
You throw a poisoned dart. The poisoned dart barely misses Pikel.
You don't know any spells.
As you read the scroll of teleportation, it crumbles to dust.
You feel strangely unstable. Pikel hits you but does no damage.
You are electrocuted!
You die...

...............# #..#
..............#####.###
#.#######.###..#......##
#.### ###.####.p..._..(#
....###.....####.......#
.....#.......# ##.....##
._...#..._...# ####.###
....###.....####.Kp(#
#.#######.###...@####
..............####
###############


You could see Pikel and a slave.

Vanquished Creatures
  2 slaves (Temple)
  A centaur skeleton (D:4)
  An orc priest (D:3)
  A hound skeleton (D:4)
  5 adders
  4 worms (D:2)
  2 dart slugs (D:1)
  4 leopard geckos (D:1)
  8 orcs
  5 giant cockroaches
  10 hobgoblins
  9 jackals
  A quokka (D:4)
  4 ball pythons
  5 bats
  6 frilled lizards
  11 goblins
  7 kobolds
  A quokka skeleton (D:2)
  14 rats
101 creatures vanquished.

Notes
Turn   | Place    | Note
-------+----------+-------------------------------------------
     0 | D:1      | Eugen the Tengu Hunter began the quest for the Orb.
     0 | D:1      | Reached XP level 1. HP: 12/12 MP: 2/2
    86 | D:1      | Reached XP level 2. HP: 17/17 MP: 3/3
   432 | D:1      | Reached XP level 3. HP: 21/21 MP: 4/4
  1055 | D:2      | Reached skill level 5 in Slings
  1261 | D:2      | Reached XP level 4. HP: 20/26 MP: 5/5
  1527 | D:2      | Reached skill level 1 in Short Blades
  1616 | D:2      | Found a shimmering blue altar of Sif Muna.
  1617 | D:2      | Found a stormy altar of Qazlal.
  1620 | D:2      | Found a shadowy altar of Dithmenos.
  1622 | D:2      | Found a glowing silver altar of Zin.
  1629 | D:2      | Became a worshipper of Zin the Law-Giver
  1771 | D:2      | Reached * piety under Zin
  2312 | D:3      | Reached skill level 1 in Armour
  2437 | D:3      | Gained mutation: You can fly continuously. [Tengu growth]
  2437 | D:3      | Reached XP level 5. HP: 14/31 MP: 6/6
  3387 | D:3      | Reached ** piety under Zin
  3464 | D:4      | HP: 1/31 [poisoned by an adder]
  3468 | D:4      | Zin protects you from harm!
  3816 | D:4      | Found a staircase to the Ecumenical Temple.
  3836 | Temple   | Entered the Ecumenical Temple
  3949 | Temple   | Fell from the grace of Zin
  3949 | Temple   | Became a worshipper of Elyvilon the Healer
  4224 | D:4      | Reached * piety under Elyvilon
  4235 | D:4      | Reached XP level 6. HP: 26/37 MP: 7/7
  4236 | D:4      | Noticed a slave
  4236 | D:4      | Noticed a slave
  4238 | D:4      | Noticed Pikel
  4239 | D:4      | Noticed a slave
  4240 | D:4      | Noticed a phantom
  4240 | D:4      | Noticed a slave
  4279 | Temple   | Killed a slave
  4492 | Temple   | Killed a slave
  4771 | Temple   | Demolished by Pikel

Levels and vault maps discovered:
D:1:      psy_arrival_radial02, layout_loops_ring, minivault_5
D:2:      kb_forest_paths, layout_basic, minitemple, first_ration
D:3:      layout_basic
D:4:      layout_basic, lemuel_coloured_pillars_altar,
          minmay_temple_entry_offerings, minmay_misc_feat_diagonals,
          minmay_unequal, uniq_pikel, uniq_duvessa
Temple:   dpeg_chambers_temple

Skill      XL: |  1  2  3  4  5 |
---------------+----------------+-----
Slings         | 5 |  5.5
Short Blades   | 1 2 |  2.0
Armour         | 1 2 |  2.3
Fighting       | 3 |  3.0
Throwing       | |  0.5
Dodging        | |  2.4
Stealth        | |  1.2

Action                   |  1- 3 |  4- 6 || total
-------------------------+-------+-------++-------
Melee: Short sword       |    28 |   111 ||   139
       Hunting sling     |     2 |       ||     2
       Kick              |     4 |    36 ||    40
       Peck              |     1 |    15 ||    16
 Fire: Hunting sling     |    52 |    40 ||    92
Throw: Dart              |     5 |    32 ||    37
       Stone             |     1 |    11 ||    12
  Use: Potion            |       |     5 ||     5
       Scroll            |       |     5 ||     5
 Stab: Sleeping          |     1 |       ||     1
  Eat: Ration            |       |     4 ||     4
Armor: Leather armour    |    14 |       ||    14
       Ring mail         |     1 |    15 ||    16
       Plate armour      |       |    63 ||    63
Dodge: Dodged            |    23 |    50 ||    73

Table legend:
 A = Non-vault XP
 B = Vault XP
 C = Vault XP percentage of total XP
 D = Non-vault monster count
 E = Vault monster count
 F = Vault count percentage of total count
                 A         B        C        D         E       F
            +---------+---------+-------+---------+---------+-------
      Total |     325 |      17 |   5.0 |      93 |       6 |   6.1
            +---------+---------+-------+---------+---------+-------
        D:1 |      56 |       0 |   0.0 |      32 |       0 |   0.0
        D:2 |      61 |      17 |  21.8 |      27 |       6 |  18.2
        D:3 |     128 |       0 |   0.0 |      28 |       0 |   0.0
        D:4 |      80 |       0 |   0.0 |       6 |       0 |   0.0
            +---------+---------+-------+---------+---------+-------
